 Dungeon Crawl Stone Soup version 0.26-a0-651-gb41185065b (webtiles) character file.

Game seed: 7283076799759133029

126 Irenicus the Digger (level 4, -3/36 HPs)
             Began as a Deep Dwarf Earth Elementalist on Oct 20, 2020.
             Slain by an orc priest
             ... wielding a +0 morningstar
              (12 damage)
             ... on level 3 of the Dungeon.
             The game lasted 00:05:51 (1221 turns).

Irenicus the Digger (Deep Dwarf Earth Elementalist) Turns: 1221, Time: 00:05:51

Health: -3/36      AC:  4    Str: 12    XL:     4   Next: 84%
Magic:  1/6        EV: 12    Int: 16    God:
Gold:   116        SH:  0    Dex: 13    Spells: 3/6 levels left

rFire    + . .     SeeInvis .   i - +3 short sword (venom)
rCold    . . .     Faith    .   (no shield)
rNeg     . . .     Spirit   .   c - +0 robe
rPois    .         Reflect  .   (no helmet)
rElec    .         Harm     .   d - scarf {+Inv}
rCorr    .         Rampage  .   l - +1 pair of gloves
MR       .....                  (no boots)
Stlth    ++........             o - amulet of the acrobat (curse)
HPRegen  0.00/turn              e - ring of protection from fire {rF+, !d}
MPRegen  0.10/turn              (no ring)

@: mighty, stab, non-regenerating
A: damage resistance, heal wounds, sense surroundings 1, no regeneration
a: Heal Wounds, Evoke Invisibility


You were on level 3 of the Dungeon.
You visited 1 branch of the dungeon, and saw 3 of its levels.

You collected 116 gold pieces.

Inventory:

Hand Weapons
 i - a +3 short sword of venom (weapon)
   (You found it on level 1 of the Dungeon)
Missiles
 b - 68 stones (quivered)
Armour
 c - a +0 robe (worn)
 d - a scarf of invisibility (worn)
   (You found it on level 2 of the Dungeon)
 l - a +1 pair of gloves (worn)
   (You found it on level 2 of the Dungeon)
 m - a +0 ring mail
   (You found it on level 2 of the Dungeon)
Jewellery
 e - a ring of protection from fire (left hand) {rF+, !d}
   (You found it on level 1 of the Dungeon)
 n - an uncursed amulet of faith {Faith, !P}
   (You found it on level 2 of the Dungeon)
 o - a cursed amulet of the acrobat (around neck)
   (You found it on level 2 of the Dungeon)
Potions
 a - a potion of lignification {!q}
 g - 2 potions of curing
 h - 2 potions of resistance
 j - a potion of haste


   Skills:
 - Level 2.1 Dodging
 - Level 2.4 Stealth
 - Level 1.7 Spellcasting
 - Level 0.8 Transmutations
 + Level 7.4 Earth Magic


You had 3 spell levels left.
You knew the following spells:

 Your Spells              Type           Power        Failure   Level
a - Sandblast             Erth           ####..       1%          1
w - Passwall              Tmut/Erth      ##......     6%          2

Your spell library contained the following spells:

 Spells                   Type           Power        Failure   Level
 Stone Arrow              Conj/Erth      ##....       14%         3
 Lee's Rapid Deconstruct  Erth           ####......   26%         5
 Petrify                  Tmut/Erth      ##......     36%         4


Dungeon Overview and Level Annotations

Branches:
Dungeon (3/15)

Altars:
Vehumet
Wu Jian


Innate Abilities, Weirdness & Mutations

You are resistant to damage.
You can heal yourself by infusing magical energy.
You passively map a small area around you.
You do not regenerate.


Message History

Okay, then.
Casting: Sandblast (safe; 1% risk of failure)
Confirm with . or Enter, or press ? or * to list all spells.
Aiming: Sandblast (safe; 1% risk of failure)
Press: ? - help, Shift-Dir - straight line, f - worm
Aim: a worm The blast of sand hits the worm!
The worm is heavily wounded.
b - 60 stones You now have 1/6 mp.
Casting: Sandblast (safe; 1% risk of failure)
Confirm with . or Enter, or press ? or * to list all spells.
Aiming: Sandblast (safe; 1% risk of failure)
Press: ? - help, Shift-Dir - straight line, f/p - worm
Aim: a worm (moderately wounded)
The blast of sand hits the worm!
You kill the worm!
Your Earth Magic skill increases to level 7!
b - 59 stones You now have 0/6 mp.
Found a stone staircase leading down.
k - an amethyst potion
b - 71 stones (gained 12)
Casting: Sandblast (safe; 1% risk of failure)
Confirm with . or Enter, or press ? or * to list all spells.
Press: ? - help, Dir - move target cursor A rock wall.
You begin to meditate on the wall.
You continue meditating on the rock. x2
You finish merging with the rock.
You now have 3/6 mp.
Casting: Passwall (safe; 6% risk of failure)
Confirm with . or Enter, or press ? or * to list all spells.
Press: ? - help, Dir - move target cursor A rock wall.
You begin to meditate on the wall.
You continue meditating on the rock. x2
You finish merging with the rock.
Found 15 arrows.
Found a stone staircase leading down.
You now have 3/6 mp.
An orc and an orc priest come into view.
An orc and an orc priest come into view.
Casting: Passwall (safe; 6% risk of failure)
Confirm with . or Enter, or press ? or * to list all spells.
Aiming: Sandblast (safe; 1% risk of failure)
Press: ? - help, Shift-Dir - straight line, f - orc priest
Aim: an orc priest, wielding a +0 club and wearing a +0 ring mail (asleep)
The blast of sand hits the orc priest!
The orc priest is heavily wounded.
b - 70 stones You now have 2/6 mp.
Casting: Sandblast (safe; 1% risk of failure)
Confirm with . or Enter, or press ? or * to list all spells.
Aiming: Sandblast (safe; 1% risk of failure)
Press: ? - help, Shift-Dir - straight line, f/p - orc priest
Aim: an orc priest, wielding a +0 club and wearing a +0 ring mail (heavily wounded)
The blast of sand hits the orc!
You kill the orc!
b - 69 stones You now have 1/6 mp.
Casting: Sandblast (safe; 1% risk of failure)
Confirm with . or Enter, or press ? or * to list all spells.
Aiming: Sandblast (safe; 1% risk of failure)
Press: ? - help, Shift-Dir - straight line, f/p - orc priest
Aim: an orc priest, wielding a +0 club and wearing a +0 ring mail (heavily wounded)
The blast of sand hits the orc priest!
You kill the orc priest!
b - 68 stones You now have 0/6 mp.
Casting: Sandblast (safe; 1% risk of failure)
Confirm with . or Enter, or press ? or * to list all spells.
You don't have enough magic to cast that spell.
The orc priest shouts!
The orc shouts!
Casting: Sandblast (safe; 1% risk of failure)
Confirm with . or Enter, or press ? or * to list all spells.
You don't have enough magic to cast that spell.
Unknown command.
The orc completely misses you.
The orc priest hits you with a +0 morningstar.
You hit the orc priest but do no damage.
The orc hits you but does no damage.
The orc priest hits you with a +0 morningstar!
You take 13 damage, and have 19/36 hp.
MASSIVE DAMAGE!!
You hit the orc priest but do no damage.
The orc priest is poisoned.
The orc closely misses you.
It was a potion of stabbing.
You feel ready to backstab.
The orc priest hits you but does no damage.
You hit the orc priest.
The orc priest looks as sick as possible!
The orc priest is lightly wounded.
The orc hits you with a +0 flail!
The orc priest hits you with a +0 morningstar.
* * * LOW HITPOINT WARNING * * *
You take 10 damage, and have 9/36 hp.
MASSIVE DAMAGE!!
It was a potion of might.
You feel very mighty all of a sudden. The orc closely misses you.
The orc priest misses you.
You closely miss the orc priest.
The orc priest is moderately wounded.
The orc misses you.
The orc priest hits you with a +0 morningstar!
You die...

#........#
#.####.#,
#........# #.# ,
#........# #.#,
*, ##########
#.# * #.# *
#######.#,,
#....##.#
#####.oo.##.#, ,
#......@.##.# *
#......).##.##*
, #.....####...#
*,
#........#...#
** ,
#####....#[....#
#....#.....#
*#....#.......,
*
......#..[#.##.
............#.#*


You could see an orc priest (extremely poisoned) and an orc.

Vanquished Creatures
  An orc priest (D:3)
  4 gnolls (D:2)
  4 worms
  An orc (D:3)
  A ball python (D:3)
  5 giant cockroaches (D:2)
  2 goblins (D:2)
  7 hobgoblins
  4 jackals (D:1)
  5 bats
  3 frilled lizards
  4 kobolds (D:2)
  3 rats
44 creatures vanquished.

Notes
Turn   | Place    | Note
-------+----------+-------------------------------------------
     0 | D:1      | Irenicus the Deep Dwarf Earth Elementalist began the quest
                  | for the Orb.
     0 | D:1      | Reached XP level 1. HP: 15/15 MP: 3/3
   178 | D:1      | Reached XP level 2. HP: 20/22 MP: 1/4
   218 | D:1      | Reached skill level 5 in Earth Magic
   390 | D:2      | Found a radiant altar of Vehumet.
   408 | D:2      | Reached XP level 3. HP: 26/28 MP: 0/5
   431 | D:2      | Reached skill level 6 in Earth Magic
   440 | D:2      | Found an ornate altar of the Wu Jian Council.
   554 | D:2      | Reached XP level 4. HP: 32/36 MP: 2/6
   685 | D:2      | Learned a level 2 spell: Passwall
  1142 | D:3      | Reached skill level 7 in Earth Magic
  1219 | D:3      | HP: 9/36 [orc priest/+0 morningstar (3)]
  1221 | D:3      | Slain by an orc priest

Illustrated notes

Levels and vault maps discovered:
D:1:      ebering_trefoil_twist, layout_rooms
D:2:      layout_basic, vehumet_crystals, lemuel_round_altar,
          minmay_worlds_worst_comb
D:3:      layout_basic

Skill      XL: |  1  2  3  4 |
---------------+-------------+-----
Earth Magic    | 5 6 7 |  7.4
Dodging        | |  2.1
Stealth        | |  2.4
Spellcasting   | |  1.7
Transmutations | |  0.8

Action                   |  1- 3 |  4- 6 || total
-------------------------+-------+-------++-------
Melee: Short sword       |    25 |    21 ||    46
       Unarmed           |     2 |       ||     2
 Cast: Sandblast         |    23 |    16 ||    39
       Passwall          |       |     6 ||     6
  Use: Scroll            |     1 |     6 ||     7
       Potion            |       |     2 ||     2
 Stab: Sleeping          |       |     2 ||     2
Armor: Robe              |    15 |     5 ||    20
Dodge: Dodged            |    30 |    29 ||    59

Table legend: (Time is in decaauts)
 A = Elapsed time spent in this place.
 B = Non-inter-level travel time spent in this place.
 C = Inter-level travel time spent in this place.
 D = Time resting spent in this place.
 E = Time spent auto-exploring this place.
 F = Levels seen in this place.
 G = Mean time per level.
                   A        B        C        D        E       F      G
               +--------+--------+--------+--------+--------+-----+--------+
         Total |   1223 |   1223 |      0 |      0 |    226 |   3 |  407.7 |
       Dungeon |   1223 |   1223 |      0 |      0 |    226 |   3 |  407.7 |
               +--------+--------+--------+--------+--------+-----+--------+

Top non-repeatable levels by time:
     D:2: 706 daAuts
     D:1: 367 daAuts
     D:3: 149 daAuts

Table legend:
 A = Kills in this place as a percentage of kills in entire the game.
 B = Kills by you in this place as a percentage of kills by you in the entire game.
 C = Kills by friends in this place as a percentage of kills by friends in the entire game.
 D = Other kills in this place as a percentage of other kills in the entire game.
 E = Experience gained in this place as a percentage of experience gained in the entire game.
 F = Experience gained in this place divided by the number of levels of this place that you have seen.
                   A       B       C       D       E      F
               +-------+-------+-------+-------+-------+----------------------
         Total | 100.0 | 100.0 |   N/A |   N/A | 100.0 |  60.3
       Dungeon | 100.0 | 100.0 |   N/A |   N/A | 100.0 |  60.3
               +-------+-------+-------+-------+-------+----------------------
